 Dungeon Crawl Stone Soup version bcrawl-1.31 (webtiles) character file.

Game seed: 16672529165471995338

324932 Morbidden the Cutter (level 10, -9/103 HPs)
             Began as an Ent Archaeologist on Apr 3, 2021.
             Was an Elder of Cheibriados.
             Killed from afar by Harold (31 damage)
             ... with a bolt of fire
             ... on level 8 of the Dungeon.
             The game lasted 00:11:58 (7533 turns).

Morbidden the Cutter (Ent Archaeologist)            Turns: 7533, Time: 00:11:58

Health: -9/103     AC: 18    Str: 29    XL:     10   Next: 23%
Magic:  18/18      EV: 14    Int: 30    God:    Cheibriados [****..]
Gold:   671        SH:  0    Dex: 18    Spells: 20/20 levels left

rFire    . . .     SeeInvis .   E - +0 dagger (venom)
rCold    . . .     Gourm    .   (no shield)
rNeg     + + +     Faith    .   (armour unavailable)
rPois    +         Spirit   .   c - +1 hat
rElec    .         Reflect  .   (no cloak)
rCorr    .         Harm     .   (gloves unavailable)
MR       +....                  (boots unavailable)
Stlth    +++++.....             f - amulet of Biysid {Regen Int+2}
HPRegen  0.81/turn              v - ring of stealth
MPRegen  0.16/turn              I - ring of wizardry

@: very slow
A: large, slow actions, passwall, strong branches, negative energy resistance 3,
poison resistance, slow metabolism 1, torment resistance, unbreathing, AC +17
a: Passwall, Bend Time, Temporal Distortion, Slouch, Renounce Religion


You were on level 8 of the Dungeon.
You worshipped Cheibriados.
Cheibriados was greatly pleased with you.
You were not hungry.

You visited 2 branches of the dungeon, and saw 9 of its levels.
You also visited: Ossuary.

You collected 671 gold pieces.

Inventory:

Hand Weapons
 a - a +3 great sword
 b - a +0 blowgun
 E - a +0 dagger of venom (weapon)
 L - the cursed +0 spear "Tuhicur" {venom, rPois rN+, unknown}
   (You found it on level 7 of the Dungeon)

   It poisons the flesh of those it strikes.
   It protects you from poison.
   It protects you from negative energy.
   It has a curse placed upon it.
Missiles
 d - 5 curare-tipped needles
 h - 2 throwing nets {=f}
 m - 423 bolts
 r - 115 poisoned needles
 H - 87 poisoned tomahawks (quivered)
 J - 84 steel javelins
Armour
 c - a +1 hat (worn)
 K - a +0 cloak
Jewellery
 f - the amulet of Biysid (around neck) {Regen Int+2}
   (You acquired it on level 3 of the Dungeon)

   [amulet of regeneration]

   It affects your intelligence (+2).
 v - a ring of stealth (left hand)
 I - a ring of wizardry (right hand)
Wands
 n - a wand of paralysis (6)
Scrolls
 g - 2 scrolls of magic mapping
 i - 13 scrolls of identify
 t - 6 scrolls of remove curse {unknown}
 u - 4 scrolls of teleportation {unknown}
 x - 4 scrolls of fog {unknown}
 y - 2 scrolls of immolation {unknown}
 A - 4 scrolls of amnesia {unknown}
 B - a scroll of noise {unknown}
 F - a scroll of enchant weapon {unknown}
 G - 2 scrolls of enchant armour {unknown}
Potions
 j - a potion of ambrosia
 k - 2 potions of curing
 l - a potion of lignification {unknown}
 o - 2 potions of brilliance {unknown}
 p - a potion of invisibility {unknown}
 q - 3 potions of haste {unknown}
 s - 3 potions of might
 w - 2 potions of flight {unknown}
 z - 2 potions of mutation {unknown}
 C - a potion of cancellation {unknown}
 D - a potion of berserk rage {unknown}
Comestibles
 e - 6 rations {!d}
 M - 8 chunks of flesh


   Skills:
 + Level 5.2 Fighting
 + Level 7.0(7.3) Short Blades
 * Level 3.6(6.1) Long Blades
   Level 1.2 Maces & Flails
 + Level 6.7 Dodging
 + Level 6.3 Stealth
 + Level 1.0 Unarmed Combat
 * Level 5.8 Spellcasting
 * Level 5.0 Invocations


You had 20 spell levels left.
You didn't know any spells.
Your spell library was empty.

Dungeon Overview and Level Annotations

Branches:
Dungeon (8/12)             Temple (1/1) D:4
   Lair: D:7-9          Orc: D:8-11

Altars:
Cheibriados
Dithmenos
Fedhas
Hepliaklqana
Kikubaaqudgha
Lugonu
Okawaru
Trog
Uskayaw
Wu Jian
The Shining One

Annotations:
D:7 2 transporters
D:8 Harold


Innate Abilities, Weirdness & Mutations

You move and act slowly.
You can pass through walls and trees.
Your branches can wield two-handed weapons with a shield.
Your thick bark is tough. (AC +17)
You are too large for most types of armour.
You are immune to negative energy. (rN+++)
Your system is resistant to poisons. (rPois)
You have a slow metabolism.
You are immune to unholy pain and torment.
You can survive without breathing.


Message History

Unknown command.
Unknown command.
You hit Harold but do no damage.
Harold is poisoned.
Harold is almost dead.
Harold mumbles some strange words.
Harold blinks!
Unknown command.
Unknown command.
Unknown command.
Unknown command.
Throwing (i - inventory. (/) - cycle)
H - 88 poisoned tomahawks (quivered)
Press: ? - help, Shift-Dir - straight line, f/p - Harold
Aim: Harold, wielding a +0 trident of flaming, wearing a +0 chain mail and wearing a +2 medium shield (almost dead, poisoned)
You throw a poisoned tomahawk.
The poisoned tomahawk hits Harold but does no damage.
Harold looks more poisoned.
Harold is almost dead.
Harold casts a spell at you. The bolt of fire hits you!!
You die...

# .. ...# # #. #..# #
#. ####..## ## #.
#>.+...## ##. #.
#.##....###.# #.
#.#.........#
#.#######.#.........#
#..ยง@....@#.........#
########.............
#.............
#.######.#####
#......)))....
#..#####.##### #..#
#.# #..# #.# #.#


You could see Harold.

Vanquished Creatures
  Maurice (D:8)
  3 yaks (D:7)
  2 hungry ghosts
  A water moccasin (D:6)
  2 orc warriors
  4 ice beasts
  2 sky beasts (D:8)
  2 phantoms
  2 ogres
  2 centaurs
  A big kobold (D:7)
  2 bullfrogs
  5 elf zombies (Ossuary)
  2 scorpions
  4 wights (D:6)
  A howler monkey (D:4)
  4 crimson imps
  A bullfrog zombie (D:4)
  7 centaur zombies (Ossuary)
  3 hounds
  2 jellies
  2 centaur skeletons
  10 orc priests
  8 orc wizards
  2 iguanas
  Jessica (D:2)
  2 worker ants (D:5)
  A hound zombie (D:8)
  A hound skeleton (D:6)
  3 mummies (Ossuary)
  A howler monkey zombie (D:8)
  A worker ant zombie (D:7)
  5 adders
  4 gnolls (D:7)
  A shadow imp (D:5)
  An adder skeleton (D:6)
  4 worms
  2 dart slugs
  5 leopard geckos
  38 orcs
  11 bats
  4 giant cockroaches
  9 hobgoblins
  6 jackals
  14 kobolds
  6 quokkas
  2 ball pythons
  7 frilled lizards
  7 goblins
  A jackal skeleton (D:4)
  2 quokka skeletons
  6 rats
220 creatures vanquished.

Vanquished Creatures (others)
  A sky beast (D:8)
1 creature vanquished.

Grand Total: 221 creatures vanquished

Notes
Turn   | Place    | Note
-------+----------+-------------------------------------------
     0 | D:1      | Morbidden the Ent Archaeologist began the quest for the
                  | Orb.
     0 | D:1      | Reached XP level 1. HP: 21/21 MP: 1/1
   153 | D:1      | Reached XP level 2. HP: 29/29 MP: 2/2
   508 | D:1      | Reached XP level 3. HP: 36/36 MP: 3/3
  1268 | D:2      | Reached skill level 1 in Unarmed Combat
  1376 | D:2      | Reached skill level 1 in Short Blades
  1718 | D:2      | Noticed Jessica
  1812 | D:2      | Killed Jessica
  1813 | D:2      | Reached XP level 4. HP: 39/44 MP: 4/4
  1925 | D:3      | Noticed an ogre
  1940 | D:3      | Killed an ogre
  1941 | D:3      | Reached skill level 2 in Short Blades
  1941 | D:3      | Reached XP level 5. HP: 20/51 MP: 5/5
  1941 | D:3      | Identified a scroll of acquirement
  1941 | D:3      | Identified the +3 quarterstaff of Ravvaycs {flame, +Blink
                  | +Inv rElec rF+ Int-4} (You acquired it on level 3 of the
                  | Dungeon)
  1941 | D:3      | Identified the amulet of Biysid {Regen Int+2} (You acquired
                  | it on level 3 of the Dungeon)
  2200 | D:3      | Found a hide-covered altar of Uskayaw.
  2657 | D:3      | Found a shadowy altar of Dithmenos.
  2806 | D:4      | Found a sand-covered staircase.
  2814 | Ossuary  | Entered an ossuary
  2868 | Ossuary  | Reached XP level 6. HP: 61/61 MP: 6/6
  2935 | Ossuary  | Reached skill level 3 in Short Blades
  2976 | Ossuary  | Reached skill level 1 in Spellcasting
  3136 | Ossuary  | Reached skill level 4 in Short Blades
  3136 | Ossuary  | Reached XP level 7. HP: 70/71 MP: 9/9
  3257 | Ossuary  | Reached skill level 5 in Stealth
  3457 | D:4      | Reached skill level 5 in Short Blades
  3493 | D:4      | Paralysed by fainting for 8 turns
  3505 | D:4      | Reached XP level 8. HP: 67/81 MP: 11/11
  3583 | D:4      | Found a corrupted altar of Lugonu.
  3595 | D:4      | Found a staircase to the Ecumenical Temple.
  3616 | D:4      | Reached skill level 5 in Dodging
  3756 | Temple   | Entered the Ecumenical Temple
  3788 | Temple   | Became a worshipper of Cheibriados the Contemplative
  3935 | D:4      | Found a blossoming altar of Fedhas.
  4486 | D:5      | Entered Level 5 of the Dungeon
  4673 | D:5      | Reached skill level 1 in Invocations
  4740 | D:5      | Reached * piety under Cheibriados
  5258 | D:6      | Reached skill level 6 in Short Blades
  5453 | D:6      | Reached ** piety under Cheibriados
  5468 | D:6      | Reached XP level 9. HP: 91/91 MP: 15/15
  5985 | D:6      | Found a glowing golden altar of the Shining One.
  6178 | D:7      | Reached *** piety under Cheibriados
  6184 | D:7      | Reached skill level 7 in Short Blades
  6184 | D:7      | Reached skill level 1 in Long Blades
  6184 | D:7      | Reached skill level 5 in Spellcasting
  6224 | D:7      | Found an ancient bone altar of Kikubaaqudgha.
  6599 | D:7      | Found a transporter.
  6631 | D:7      | Reached **** piety under Cheibriados
  6644 | D:7      | Noticed a kobold demonologist
  6649 | D:7      | Found a transporter.
  6750 | D:7      | Got a crude spear
  6992 | D:8      | Reached skill level 5 in Fighting
  6992 | D:8      | Reached XP level 10. HP: 103/103 MP: 18/18
  7309 | D:8      | Noticed Maurice
  7347 | D:8      | Killed Maurice
  7348 | D:8      | Reached skill level 5 in Invocations
  7491 | D:8      | Noticed Harold
  7533 | D:8      | Killed from afar by Harold

Skill      XL: |  1  2  3  4  5  6  7  8  9 10 |
---------------+-------------------------------+-----
Dodging        | 3 4 5 6 |  6.7
Stealth        | 4 5 6 |  6.3
Unarmed Combat | 1 |  1.0
Short Blades   | 1 2 4 5 6 7 |  7.0
Fighting       | 2 3 5 |  5.2
Spellcasting   | 1 2 4 5 |  5.8
Invocations    | 2 4 5 |  5.0
Long Blades    | 2 3 |  3.6
Maces & Flails | |  1.2

Action                   |  1- 3 |  4- 6 |  7- 9 | 10-12 || total
-------------------------+-------+-------+-------+-------++-------
Melee: Unarmed           |    70 |       |       |       ||    70
       Dagger            |   160 |   346 |   649 |     9 ||  1164
       Punch             |     1 |     4 |     1 |       ||     6
       Great sword       |       |       |   102 |    45 ||   147
 Fire: Blowgun           |       |     4 |       |       ||     4
Throw: Tomahawk          |       |       |       |     7 ||     7
Evoke: Wand              |       |       |       |     1 ||     1
  Use: Scroll            |       |     4 |     1 |       ||     5
       Potion            |       |       |     2 |     1 ||     3
 Stab: Sleeping          |     9 |     4 |    14 |     6 ||    33
  Eat: Chunk             |     8 |     4 |    22 |     6 ||    40
       Ration            |       |     2 |     2 |       ||     4
Armor: Skin              |   148 |   175 |   466 |    54 ||   843
Dodge: Dodged            |   169 |   163 |   456 |    56 ||   844
Block: Other             |       |       |     8 |    11 ||    19
